AoeStats
← 3ms

Arabia

510912675Analyzed
1v1 RM · 4h ago on Oct 3, 2026· 50m 14s· 2 players
Game mode
Random Map
Map size
Tiny (2 player)
Population
200
Speed
Normal
Resources
Standard
Victory
Conquest
Starting age
Dark Age
Ending age
Imperial Age
RankedLock teamsTeams togetherTeam positionsShared explorationLock speedFull tech treeHidden civsTurbo modeCheats
Victory
Defeat
🇷🇺 Magyars · Russia
1142
+16
🇦🇷 Persians · Argentina
1135
-16
3ms
9:31 Feudal Age
9:58 Double-Bit Axe
9:55 Horse Collar
10:43 Loom
12:00 Wheelbarrow
20:47 Castle Age
18:54 Stone Mining
19:10 Gold Mining
20:58 Scale Barding Armor
21:06 Forging
24:30 Fletching
30:18 Hand Cart
29:49 Town Watch
30:26 Bodkin Arrow
30:32 Padded Archer Armor
30:50 Elite Skirmisher
33:22 Heavy Plow
33:39 Bow Saw
33:48 Town Patrol
34:27 Iron Casting
37:33 Imperial Age
35:49 Kamandaran
35:15 Crossbowman
36:27 Pikeman
37:29 Chain Barding Armor
37:25 Leather Archer Armor
37:11 Scale Mail Armor
38:11 Gold Shaft Mining
38:12 Stone Shaft Mining
37:52 Gambesons
38:09 Squires
37:55 Arson
40:08 Bloodlines
39:59 Husbandry
41:21 Ballistics
46:15 Chemistry
46:14 Ring Archer Armor
Gl_classic
6:20 Loom
9:02 Feudal Age
18:36 Castle Age
17:51 Double-Bit Axe
19:15 Fletching
19:10 Horse Collar
21:14 Bloodlines
22:46 Bodkin Arrow
23:45 Padded Archer Armor
30:30 Wheelbarrow
33:35 Imperial Age
32:34 Hand Cart
33:56 Corvinian Army
34:45 Parthian Tactics
36:01 Bracer
36:37 Leather Archer Armor
36:28 Scale Barding Armor
37:37 Pikeman
39:04 Thumb Ring
38:26 Heavy Cavalry Archer
40:05 Thumb Ring
40:02 Scale Mail Armor
41:08 Halberdier
42:20 Ring Archer Armor
43:22 Chain Barding Armor
44:53 Plate Barding Armor
45:49 Recurve Bow
46:25 Chain Mail Armor
47:38 Bow Saw
48:23 Conscription
Connection lost

Rejoining the realm…

Still unreachable

The connection could not be restored.

Session expired

The server has moved on; the page needs a fresh start.